 Dungeon Crawl Stone Soup version 0.31-a0-112-gdf0485fa37 (webtiles) character file.

Game seed: 488331392188388425

117 Flubber the Firebug (level 5, -2/31 HPs)
             Began as an Octopode Fire Elementalist on May 28, 2023.
             Slain by an iron imp (6 damage)
             ... on level 3 of the Dungeon.
             The game lasted 00:06:25 (2801 turns).

Flubber the Firebug (Octopode Fire Elementalist)    Turns: 2801, Time: 00:06:26

Health: -2/31      AC:  1    Str:  8    XL:     5   Next: 1%
Magic:  1/8        EV: 13    Int: 19    God:
Gold:   200        SH:  0    Dex: 12    Spells: 5/8 levels left

rFire   . . .        m - +0 dagger (elec)
rCold   . . .        (no shield)
rNeg    . . .        (helmet restricted)
rPois   .            (no amulet)
rElec   .            (no ring)
rCorr   .            (no ring)
SInv    .            (no ring)
Will    .....        (no ring)
Stlth   +++          (no ring)
HPRegen 0.25/turn    (no ring)
MPRegen 0.11/turn    (no ring)
                     (no ring)

%: no passive effects
@: no status effects
A: almost no armour, amphibious, 8 rings, camouflage 1, gelatinous body 1,
(nimble swimmer 1), tentacles
a: no special abilities


You were on level 3 of the Dungeon.
You visited 1 branch of the dungeon, and saw 3 of its levels.

You collected 200 gold pieces.

Inventory:

Hand Weapons
 m - a +0 dagger of electrocution (weapon)
Missiles
 k - a poisoned dart
Jewellery
 j - a +6 ring of dexterity
Scrolls
 g - a scroll of enchant weapon {unknown}
 i - a scroll of teleportation {unknown}
 l - a scroll of blinking {unknown}
Potions
 a - a potion of magic
 b - a potion of might {unknown}
 c - 2 potions of curing
 e - a potion of berserk rage {unknown}
 f - 2 potions of enlightenment {unknown}
 h - a potion of mutation {unknown}


   Skills:
 + Level 2.9 Dodging
 - Level 2.6 Stealth
 - Level 2.0 Spellcasting
 * Level 3.3 Conjurations
 + Level 3.7 Fire Magic


You had 5 spell levels left.
You knew the following spells:

 Your Spells              Type           Power      Damage    Failure   Level
a - Foxfire               Conj/Fire      60%        2x1d7     4%          1
b - Scorch                Fire           32%        2d6       5%          2

Your spell library contained the following spells:

 Spells                   Type           Power      Damage    Failure   Level
 Inner Flame              Hex/Fire       9%         N/A       24%         3
 Volatile Blastmotes      Fire/Tloc      18%        2d11      24%         3
 Flame Wave               Conj/Fire      15%        2d7       36%         4


Dungeon Overview and Level Annotations

Branches:
Dungeon (3/15)

Altars:
Cheibriados

Annotations:
D:2 Sigmund
D:3 1 exclusion


Innate Abilities, Weirdness & Mutations

You cannot wear most types of armour.
You are amphibious.
You can wear up to eight rings at the same time.
Your skin changes colour to match your surroundings (Stealth+).
Your rubbery body absorbs attacks. (AC +1, EV +1)
((You are camouflaged when in or above water. (Stealth+)))
You have tentacles for arms and can constrict up to eight enemies at once.


Message History

You conjure some foxfire!
You conjure some foxfire!
The foxfire hits the iron imp.
The iron imp completely resists.
You conjure some foxfire!
The foxfire hits the iron imp.
The iron imp completely resists.
The foxfire hits the iron imp.
The iron imp completely resists.
The foxfire hits the iron imp.
The iron imp completely resists.
You conjure some foxfire!
The foxfire hits the iron imp.
The iron imp completely resists.
The foxfire hits the iron imp but does no damage.
You conjure some foxfire!
The foxfire hits the iron imp.
The iron imp completely resists.
The foxfire hits the iron imp.
The iron imp completely resists.
The iron imp hits you!
Your magical contamination has completely faded away.
You barely miss the iron imp. Your grab misses the iron imp.
The foxfire hits the iron imp.
The iron imp completely resists.
The foxfire hits the iron imp but does no damage.
The iron imp hits you.
You closely miss the iron imp. You grab the iron imp. You squeeze the iron imp.
The iron imp is lightly wounded.
You constrict the iron imp, but do no damage.
The iron imp hits you.
You hit the iron imp but do no damage.
The iron imp is lightly wounded.
You constrict the iron imp, but do no damage.
You hit the iron imp but do no damage.
The iron imp is lightly wounded.
You constrict the iron imp, but do no damage.
The iron imp hits you!
* * * LOW HITPOINT WARNING * * *
You feel better.
You constrict the iron imp. The iron imp hits you!
You hit the iron imp but do no damage.
The iron imp is lightly wounded.
You constrict the iron imp, but do no damage.
The iron imp hits you!
* * * LOW HITPOINT WARNING * * *
As you read the scroll labelled MUWI ENLASYEF, it crumbles to dust.
You feel aware of your surroundings.
It was a scroll of magic mapping.
You constrict the iron imp. The iron imp hits you.
You die...

****,,,***,*** #####.#..####.#
,,,,,***,...,* #...>###......#
****** *,....* ####.###.#..###.##
****,....###.##.# ##.#.# #.#
*,,,,........##.# #.#.# #.##
**,,,,........##.# #...# #...
*,,,,,._......##.# ##.### #.##
*,,,,,........##.# #...# #.# *
**,,,,,......5@.#.###..<####.#
***,,***,....###....#.......##.#
,,,,,* *,.,,,* #...............#
****** *,,,,,**#...##.......####
***,,,*#...#####...###****
************,*##...,,,.......,,,,
,,,,,,,,,,,,,**####**##...###****
***********,,,,,,,,,,,......*
*,**********#...#.#


You could see an iron imp.

Vanquished Creatures
  Robin (D:2)
  An adder (D:2)
  6 orcs (D:3)
  5 ball pythons
  3 bats
  5 endoplasms
  2 giant cockroaches (D:2)
  16 goblins
  9 hobgoblins
  10 jackals
  6 kobolds
  2 quokkas
  3 frilled lizards
  12 rats
81 creatures vanquished.

Vanquished Creatures (others)
  179 foxfires
179 creatures vanquished.

Grand Total: 260 creatures vanquished

Notes
Turn   | Place    | Note
-------+----------+-------------------------------------------
     0 | D:1      | Flubber the Octopode Fire Elementalist began the quest for
                  | the Orb.
     0 | D:1      | Reached XP level 1. HP: 11/11 MP: 3/3
   113 | D:1      | Reached XP level 2. HP: 14/17 MP: 0/5
   651 | D:1      | Reached XP level 3. HP: 21/21 MP: 2/6
  1275 | D:2      | Noticed Robin
  1495 | D:2      | Reached XP level 4. HP: 27/27 MP: 1/7
  1577 | D:2      | Killed Robin
  1980 | D:2      | Noticed Sigmund
  2104 | D:2      | Learned a level 2 spell: Scorch
  2656 | D:3      | Reached XP level 5. HP: 31/31 MP: 4/8
  2698 | D:3      | Found a faded altar of an unknown god.
  2785 | D:3      | Found a snail-covered altar of Cheibriados.
  2801 | D:3      | Slain by an iron imp

Illustrated notes

Levels and vault maps discovered:
D:1:      mrwooster_arrival_arrow, layout_loops_cross
D:2:      layout_rooms, uniq_robin, uniq_sigmund
D:3:      layout_loops_ring, slow_altar_1, hellmonk_ecumenical_altar_run_dry

Skill      XL: |  1  2  3  4 |
---------------+-------------+-----
Conjurations   | 2 3 |  3.3
Dodging        | |  2.9
Stealth        | |  2.6
Spellcasting   | |  2.0
Fire Magic     | |  3.7

Action                     |  1- 3 |  4- 6 || total
---------------------------+-------+-------++-------
  Melee: Dagger            |    40 |    36 ||    76
         Constrict         |    10 |     6 ||    16
         Tentacles         |     6 |     5 ||    11
         Unarmed           |     2 |       ||     2
         Punch             |     1 |       ||     1
  Throw: Dart              |       |     5 ||     5
   Cast: Foxfire           |    58 |    77 ||   135
    Use: Scroll            |     4 |     1 ||     5
         Potion            |     1 |     2 ||     3
   Stab: Sleeping          |     1 |     1 ||     2
 Armour: Skin              |     5 |       ||     5
  Dodge: Dodged            |    17 |    14 ||    31

Table legend: (Time is in decaauts)
 A = Elapsed time spent in this place.
 B = Non-inter-level travel time spent in this place.
 C = Inter-level travel time spent in this place.
 D = Time resting spent in this place.
 E = Time spent auto-exploring this place.
 F = Levels seen in this place.
 G = Mean time per level.
                   A        B        C        D        E       F      G
               +--------+--------+--------+--------+--------+-----+--------+
         Total |   2799 |   2715 |     84 |      0 |   2214 |   3 |  933.0 |
       Dungeon |   2799 |   2715 |     84 |      0 |   2214 |   3 |  933.0 |
               +--------+--------+--------+--------+--------+-----+--------+

Top non-repeatable levels by time:
     D:1: 1202 daAuts
     D:2: 867 daAuts
     D:3: 730 daAuts
